 Dungeon Crawl Stone Soup version 0.31-a0-564-g3b7de120b3 (webtiles) character file.

Game seed: 3138326758294012381

336 freelancePsychic the Sneak (level 6, -1/57 HPs)
             Began as a Kobold Shapeshifter on Aug 17, 2023.
             Was a Believer of Cheibriados.
             Killed from afar by an orc wizard (6 damage)
             ... with a magic dart
             ... on level 4 of the Dungeon.
             The game lasted 00:04:48 (2955 turns).

freelancePsychic the Sneak (Kobold Shapeshifter)    Turns: 2955, Time: 00:04:49

Health: -1/57      AC:  3    Str: 17    XL:     6   Next: 84%
Magic:  4/6        EV: 16    Int: 13    God:    Cheibriados [**....]
Gold:   107        SH:  0    Dex: 21    Spells: 5/5 levels left

rFire   + . .        h - +1 dagger (freeze)
rCold   + . .        (no shield)
rNeg    . . .        m - +0 leather armour
rPois   .            (helmet currently unavailable)
rElec   .            (cloak currently unavailable)
rCorr   .            (gloves currently unavailable)
SInv    .            (boots currently unavailable)
Will    .....        k - amulet of the acrobat Stlth
                     l - ring of protection from cold
HPRegen 0.29/turn    w - ring of protection from fire
MPRegen 0.10/turn

%: acrobat
@: berserking (expiring), beast-form, weak-willed, very slow
A: beast (slay +2), small, no large weapons, nightstalker 3
a: Begin Untransformation, Renounce Religion, Bend Time


You were on level 4 of the Dungeon.
You worshipped Cheibriados.
Cheibriados was pleased with you.
You were a hulking beast.
You visited 1 branch of the dungeon, and saw 4 of its levels.

You collected 107 gold pieces.

Inventory:

Hand Weapons
 g - a +0 short sword
 h - a +1 dagger of freezing (weapon)
Armour
 a - a +0 animal skin
 m - a +0 leather armour (worn)
Jewellery
 k - an amulet of the acrobat (around neck)
 l - a ring of protection from cold (left hand)
 n - an amulet of guardian spirit
 p - an amulet of faith
 w - a ring of protection from fire (right hand)
 x - a ring of protection from fire
Talismans
 c - a beast talisman (active)
 d - a flux talisman
 t - a serpent talisman
Scrolls
 i - a scroll of fog
 o - a scroll of noise
 s - a scroll of identify {@r1}
Potions
 b - a potion of magic {unknown}
 e - a potion of heal wounds {unknown}
 f - a potion of invisibility {unknown}
 j - a potion of mutation {unknown}
 q - 2 potions of attraction {unknown}
 u - a potion of berserk rage
 v - a potion of curing {unknown}


   Skills:
 + Level 4.2 Fighting
 - Level 1.1 Short Blades
 + Level 4.2 Ranged Weapons
 + Level 3.3 Dodging
 - Level 4.2 Stealth
 - Level 3.0 Unarmed Combat
 - Level 3.0 Shapeshifting


You had 5 spell levels left.
You didn't know any spells.
Your spell library contained the following spells:

 Spells                   Type           Power      Damage    Failure   Level
 Shock                    Conj/Air       0%         1d3       36%         1
 Swiftness                Air            0%         N/A       75%         3
 Airstrike                Air            0%         2d(0-16)  98%         4


Dungeon Overview and Level Annotations

Branches:
Dungeon (4/15)
 Temple: D:4-7

Altars:
Cheibriados
Fedhas
Qazlal

Annotations:
D:3 exclusions: 3 orcs and orc priest


Innate Abilities, Weirdness & Mutations

You are a hulking beast.
Your limbs bulge with bestial killing power. (Slay +2)
You are small and have problems with some larger weapons.
You are completely attuned to the shadows.


Message History

Edmund is heavily wounded.
You closely miss Edmund.
Edmund is heavily wounded.
Edmund hits you with a +4 dire flail of draining!
* * * LOW HITPOINT WARNING * * *
You feel drained.
* * * LOW HITPOINT WARNING * * *
You hit Edmund. You freeze Edmund. You punch Edmund.
Edmund is almost dead.
Edmund completely misses you.
You hit Edmund. You freeze Edmund.
Edmund is almost dead.
You hit Edmund. You freeze Edmund.
You kill Edmund!
Cheibriados appreciates the change of pace.
Your life force feels restored.
Your Fighting skill increases to level 4!
Your Ranged Weapons skill increases to level 4!
Your Dodging skill increases to level 3!
An orc priest comes into view.
It is wielding a +2 short sword of venom.
The orc priest shouts!
The orc misses you. Something closely misses you. x2
Something barely misses you. The orc completely misses you.
Something closely misses you.
The orc priest moves out of view.
Things that are here:
a +4 dire flail of draining; a +0 scale mail; the human corpse of Edmund You hit the orc.
You freeze the orc.
The orc is almost dead.
The orc completely misses you. Something hits you.
* * * LOW HITPOINT WARNING * * *
You hear some strange, mumbled words.
A magic dart appears from out of thin air!
The magic dart hits you.
* * * LOW HITPOINT WARNING * * *
You closely miss something. The orc hits you with a +0 hand axe.
* * * LOW HITPOINT WARNING * * *
You hear some strange, mumbled words.
A magic dart appears from out of thin air!
The magic dart hits you.
You die...

#.#.#.#..#+#
#.#.#.#......
##.#.#.)......
#.............
####..........
####...#..
#.....#..
#.###{######
#....oh.....
#....{######
#..........
#..........
#.##......# #.
#......#
#......#


You could see an orc (weak-willed).

Vanquished Creatures
  Edmund (D:4)
  A scorpion (D:3)
  A howler monkey (D:4)
  3 adders (D:4)
  2 worms (D:2)
  A dart slug (D:1)
  2 orcs (D:3)
  5 ball pythons
  8 endoplasms
  9 giant cockroaches
  12 goblins
  8 hobgoblins
  5 jackals
  3 kobolds
  5 quokkas
  3 bats
  3 frilled lizards
  5 rats
77 creatures vanquished.

Notes
Turn   | Place    | Note
-------+----------+-------------------------------------------
     0 | D:1      | freelancePsychic the Kobold Shapeshifter began the quest
                  | for the Orb.
     0 | D:1      | Reached XP level 1. HP: 12/12 MP: 1/1
   174 | D:1      | Reached skill level 1 in Stealth
   216 | D:1      | Reached XP level 2. HP: 16/16 MP: 2/2
   243 | D:1      | Reached skill level 1 in Short Blades
   630 | D:1      | Reached XP level 3. HP: 21/21 MP: 3/3
   762 | D:1      | Reached skill level 1 in Ranged Weapons
  1449 | D:2      | Reached XP level 4. HP: 24/27 MP: 4/4
  1684 | D:2      | Found a faded altar of an unknown god.
  1689 | D:2      | Prayed at the altar of an unknown god.
  1689 | D:2      | Became a worshipper of Cheibriados the Contemplative
  1689 | D:2      | Reached * piety under Cheibriados
  2154 | D:3      | Found a blossoming altar of Fedhas.
  2285 | D:3      | Found a stormy altar of Qazlal.
  2371 | D:3      | Noticed a scorpion
  2377 | D:3      | Killed a scorpion
  2378 | D:3      | Reached XP level 5. HP: 25/32 MP: 5/5
  2562 | D:3      | Reached ** piety under Cheibriados
  2755 | D:4      | Reached XP level 6. HP: 37/37 MP: 6/6
  2937 | D:4      | Noticed Edmund
  2952 | D:4      | Killed Edmund
  2955 | D:4      | Killed from afar by an orc wizard

Illustrated notes

Levels and vault maps discovered:
D:1:      grunt_arrival_crossed_arrows, layout_basic, minmay_octomino_e4
D:2:      layout_rooms, ebering_ecumenical_altar_abandoned, serial_curves,
          eino_curves_01, eino_curves_02, eino_curves_04, eino_curves_01
D:3:      layout_loops_ring, mainiacjoe_overflow_paths,
          nicolae_qazlal_general_emergency, hangedman_decor_points,
          grunt_ministairs_2
D:4:      layout_basic, gammafunk_ghost_stat_death, roderic_malta_cross,
          uniq_edmund

Skill      XL: |  1  2  3  4  5  6 |
---------------+-------------------+-----
Stealth        | 1 2 3 4 |  4.2
Short Blades   | 1 |  1.1
Fighting       | 2 3 4 |  4.2
Ranged Weapons | 1 2 3 4 |  4.2
Dodging        | 3 |  3.3
Unarmed Combat | |  3.0
Shapeshifting  | |  3.0

Action                     |  1- 3 |  4- 6 || total
---------------------------+-------+-------++-------
  Melee: Short sword       |    18 |       ||    18
         Unarmed           |     2 |       ||     2
         Dagger            |    78 |   145 ||   223
         Punch             |     2 |     6 ||     8
 Invoke: Bend Time         |       |     1 ||     1
    Use: Scroll            |     1 |     4 ||     5
         Potion            |       |     2 ||     2
   Stab: Sleeping          |    15 |    14 ||    29
 Armour: Animal skin       |     6 |       ||     6
         Leather armour    |     1 |     9 ||    10
         Skin              |       |    10 ||    10
  Dodge: Dodged            |    51 |    91 ||   142

Table legend: (Time is in decaauts)
 A = Elapsed time spent in this place.
 B = Non-inter-level travel time spent in this place.
 C = Inter-level travel time spent in this place.
 D = Time resting spent in this place.
 E = Time spent auto-exploring this place.
 F = Levels seen in this place.
 G = Mean time per level.
                   A        B        C        D        E       F      G
               +--------+--------+--------+--------+--------+-----+--------+
         Total |   3366 |   3264 |    102 |      0 |   2616 |   4 |  841.5 |
       Dungeon |   3366 |   3264 |    102 |      0 |   2616 |   4 |  841.5 |
               +--------+--------+--------+--------+--------+-----+--------+

Top non-repeatable levels by time:
     D:1: 1161 daAuts
     D:3: 1003 daAuts
     D:2: 724 daAuts
     D:4: 477 daAuts
